 Dungeon Crawl Stone Soup version 0.24.0-123-gd5b16e6ec5 (webtiles) character file.

Game seed: 137461585197124744, levelgen mode: deterministic

234 Goreval the Sneak (level 5, 0/24 HPs)
             Began as a Spriggan Enchanter on Jan 10, 2020.
             Slain by a leopard gecko (1 damage)
             ... in a sewer on Jan 11, 2020.
             The game lasted 00:12:11 (3217 turns).

Goreval the Sneak (Spriggan Enchanter)              Turns: 3217, Time: 00:12:12

Health: 0/24       AC:  7    Str:  4    XL:     5   Next: 75%
Magic:  4/10       EV: 18    Int: 18    God:
Gold:   172        SH:  4    Dex: 16    Spells: 1/10 levels left

rFire    + . .     SeeInvis +   a - +1 dagger
rCold    . . .     Gourm    .   (shield restricted)
rNeg     . . .     Faith    .   b - +0 robe
rPois    .         Spirit   .   g - +2 hat
rElec    .         Reflect  +   o - +2 cloak
rCorr    .         Harm     .   (gloves unavailable)
MR       .....                  (boots unavailable)
Stlth    +++.......             p - +4 amulet of reflection
HPRegen  0.08/turn              m - ring of protection from fire
MPRegen  0.12/turn              (no ring)

@: starving, very quick
A: very small, unfitting armour, see invisible, herbivore, speed 3, slow
metabolism 2
a: no special abilities


You were in a sewer.
You were starving.

You visited 1 branch of the dungeon, and saw 3 of its levels.
You also visited: Sewer.

You collected 172 gold pieces.

Inventory:

Hand Weapons
 a - a +1 dagger (weapon)
Missiles
 c - 161 stones (quivered)
Armour
 b - a +0 robe (worn)
 g - a +2 hat (worn)
 o - a +2 cloak (worn)
Jewellery
 m - a ring of protection from fire (left hand)
 p - a +4 amulet of reflection (around neck)
Scrolls
 i - a scroll of amnesia {unknown}
 j - 4 scrolls of remove curse {unknown}
 k - a scroll of enchant armour {unknown}
 l - 3 scrolls of enchant weapon {unknown}
 r - 2 scrolls of blinking {unknown}
 s - a scroll of teleportation {unknown}
 t - a scroll of identify {unknown}
 u - a scroll of immolation {unknown}
Potions
 e - 2 potions of heal wounds {unknown}
 f - a potion of mutation {unknown}
 h - 4 potions of curing {unknown}
 n - 2 potions of haste {unknown}
 q - a potion of brilliance {unknown}
 v - a potion of berserk rage {unknown}


   Skills:
 * Level 3.5 Short Blades
 - Level 3.0 Dodging
 * Level 6.7 Stealth
 + Level 3.1 Spellcasting
 * Level 5.3 Hexes


You had one spell level left.
You knew the following spells:

 Your Spells              Type           Power        Failure   Level  Hunger
a - Ensorcelled Hibernat  Hex/Ice        ##....       9%          2    ##.....
b - Confuse               Hex            ###.....     5%          3    ###....
c - Dazzling Spray        Conj/Hex       ##....       16%         3    ###....
o - Corona                Hex            ###....      1%          1    None

Your spell library contained the following spells:

 Spells                   Type           Power        Failure   Level  Hunger
 Tukima's Dance           Hex            ###.....     5%          3    ###....


Dungeon Overview and Level Annotations

Branches:
Dungeon (3/15)              Sewer (1/1)

Altars:
Qazlal
Yredelemnul

Annotations:
D:3 1 runed translucent door, Crazy Yiuf


Innate Abilities, Weirdness & Mutations

You are very small and have problems with some larger weapons.
You are too small for most types of armour.
You have supernaturally acute eyesight. (SInv)
You are a herbivore.
You cover ground extremely quickly.
You need to consume almost no food.


Message History

Moving in this stuff is going to be slow.
You enter the shallow water.
Moving in this stuff is going to be slow.
The leopard gecko bites you.
* * * LOW HITPOINT WARNING * * *
You block the giant cockroach's attack.
You see here a frilled lizard corpse.
You hit the leopard gecko. The leopard gecko bites you.
* * * LOW HITPOINT WARNING * * *
The giant cockroach closely misses you.
You hit the leopard gecko but do no damage.
The leopard gecko closely misses you. The giant cockroach misses you.
You closely miss the leopard gecko. The leopard gecko barely misses you.
The giant cockroach closely misses you.
You hit the leopard gecko but do no damage.
The leopard gecko barely misses you. The giant cockroach barely misses you.
You hit the leopard gecko but do no damage.
The leopard gecko misses you. You block the giant cockroach's attack.
You hit the leopard gecko. The leopard gecko bites you.
You die...

#≈.##≈≈≈#####†≈≈##†÷
##.≈#≈≈.## #.≈≈#†≈
#≈≈≈#≈≈## #≈≈#.≈
#†.##≈.# ≈≈###
#≈≈#≈≈## l≈≈#
#≈≈#.≈# ≈∩# #≈≈#J≈#
≈≈# #.≈#ls# ##
#≈≈#@.# #≈ #≈≈#.≈#
#≈ #≈≈#≈.## #≈
#≈.##≈≈# #≈
#≈†.#.≈## ###≈
##≈≈#.≈≈## ###≈##
#≈≈##≈.≈#######≈≈≈≈≈
#≈†.#≈≈≈≈≈≈≈†.≈≈≈≈≈≈
##≈≈##≈≈≈.≈≈≈≈≈##.≈#


You could see an ooze, a leopard gecko and a giant cockroach.

Vanquished Creatures
  Jessica (D:2)
  6 adders
  7 oozes
  4 worms (D:2)
  3 dart slugs
  10 leopard geckos
  An orc (D:3)
  8 ball pythons
  11 giant cockroaches
  8 goblins
  5 hobgoblins
  4 jackals (D:3)
  4 kobolds
  A quokka (D:3)
  4 bats
  13 frilled lizards
  7 rats
97 creatures vanquished.

Notes
Turn   | Place    | Note
-------+----------+-------------------------------------------
     0 | D:1      | Goreval the Spriggan Enchanter began the quest for the Orb.
     0 | D:1      | Reached XP level 1. HP: 9/9 MP: 5/5
   140 | D:1      | Reached XP level 2. HP: 10/13 MP: 6/6
   144 | D:1      | Learned a level 2 spell: Ensorcelled Hibernation
   634 | D:1      | Reached skill level 5 in Stealth
  1183 | D:2      | Reached XP level 3. HP: 16/16 MP: 5/8
  1753 | D:2      | Noticed Jessica
  1760 | D:2      | Killed Jessica
  1760 | D:2      | Reached XP level 4. HP: 21/21 MP: 9/9
  1761 | D:2      | Found a basalt altar of Yredelemnul.
  1842 | D:3      | Noticed a fire elemental
  1859 | D:3      | Found a stormy altar of Qazlal.
  1862 | D:3      | Noticed an earth elemental
  1865 | D:3      | Noticed an air elemental
  1865 | D:3      | Noticed a water elemental
  2021 | D:3      | Found a runed translucent door.
  2022 | D:3      | Noticed Crazy Yiuf
  2156 | D:3      | Reached skill level 6 in Stealth
  2215 | D:3      | Reached skill level 5 in Hexes
  2222 | D:3      | Learned a level 3 spell: Confuse
  2226 | D:3      | Learned a level 3 spell: Dazzling Spray
  2242 | D:3      | Found a glowing drain.
  2306 | D:3      | Reached XP level 5. HP: 23/24 MP: 0/10
  2347 | Sewer    | Entered a sewer
  3212 | Sewer    | HP: 1/24 [leopard gecko (1)]
  3217 | Sewer    | Slain by a leopard gecko

Levels and vault maps discovered:
D:1:      dpeg_arrival_pond, layout_loops_cross
D:2:      layout_rooms, lemuel_coloured_pillars_altar, corexii_leaking_fountain,
          minmay_close_crescents, uniq_jessica
D:3:      layout_basic, nicolae_qazlal_style_of_elements, portal_sewer_entry_b,
          chequers_serial_rivers_small_a, uniq_crazy_yiuf_cottage
Sewer:    sewer_frog_island_02

Skill      XL: |  1  2  3  4 |
---------------+-------------+-----
Hexes          | 4 5 |  5.3
Stealth        | 5 6 |  6.7
Short Blades   | 2 3 |  3.5
Spellcasting   | 3 |  3.1
Dodging        | |  3.0

Action                   |  1- 3 |  4- 6 || total
-------------------------+-------+-------++-------
Melee: Dagger            |   114 |   303 ||   417
Throw: Stone             |    15 |    25 ||    40
 Cast: Ensorcelled Hiber |    20 |    36 ||    56
 Stab: Sleeping          |    25 |    28 ||    53
  Eat: Ration            |       |     1 ||     1
Armor: Robe              |    11 |    65 ||    76
Dodge: Dodged            |    78 |   280 ||   358
Block: Other             |     2 |    56 ||    58
